cohdb
Replays
Latest Replays
All Replays
Popular Replays
Top Player Replays
Match Explorer
How It Works
Community
CoH3 Stats
Reddit
Sign in to upload your games and track your stats! →
Sign in with Steam
Match 41420449
Unlisted
Match 41420449
Overview
Messages
Build Orders
End
Construct Section Command Post
Vickers Machine Gun Team
Infantry Section
Infantry Section
ML 3-inch Mortar Team
Grenade Package
Infantry Section
Royal Engineer Section
Construct Platoon Command Post
Unlock M3 Stuart Light Tanks
Unlock Bishop Self-propelled Artillery
M3 Stuart Light Tank
M3 Stuart Light Tank
Selects Canadian Shock Battlegroup
Selects Burnout
Selects Pyrotechnics
Selects Attacking Spirit
Selects Canadian Shock Section
Selects Smoke Operation
Infantry Section
Bishop Self-propelled Artillery
Bishop Self-propelled Artillery
Royal Engineer Section
Construct Company Command Post
Smoke Operation
IndomitableSpirit
ghetto_capitalist
vonAJ
萌萌家的宫先生
DANTO
Lolloiseba
MaDHorse
Zio Zoran
0
0
Comments
sign in to comment!
No comments posted yet!